 Dungeon Crawl Stone Soup version 0.27.1-2-g3b301248ec (webtiles) character file.

Game seed: 10220368097331041609

6 Kold the Insei (level 1, -1/13 HPs)
             Began as an Octopode Transmuter on Oct 1, 2021.
             Slain by an adder (3 damage)
             ... on level 2 of the Dungeon.
             The game lasted 00:00:20 (164 turns).

Kold the Insei (Octopode Transmuter)                 Turns: 164, Time: 00:00:22

Health: -1/13      AC:  1    Str:  9    XL:     1   Next: 90%
Magic:  2/3        EV: 13    Int: 15    God:
Gold:   7          SH:  0    Dex: 12    Spells: 3/4 levels left

rFire    . . .     SeeInvis .     - Unarmed
rCold    . . .     Faith    .   (no shield)
rNeg     . . .     Spirit   .   (helmet currently unavailable)
rPois    .         Reflect  .   (no amulet)
rElec    .         Harm     .   (no ring)
rCorr    .         Rampage  .   (no ring)
Will     .....                  (no ring)
Stlth    ++........             (no ring)
HPRegen  0.04/turn              (no ring)
MPRegen  0.08/turn              (no ring)
                                (no ring)
                                (no ring)

@: lethally poisoned (-1 -> -6), appendages
A: tentacle spike 3, almost no armour, amphibious, 8 rings, camouflage 1,
gelatinous body 1, (nimble swimmer 1), tentacles
a: End Transformation


You were on level 2 of the Dungeon.
One of your tentacles had grown a beastly spike.
You visited 1 branch of the dungeon, and saw 2 of its levels.

You collected 7 gold pieces.

Inventory:

Scrolls
 a - a scroll of fog {unknown}
Potions
 b - a potion of attraction {unknown}


   Skills:
 - Level 1.0 Fighting
 - Level 2.0 Dodging
 + Level 3.2 Unarmed Combat
 - Level 2.0 Spellcasting
 + Level 2.3 Transmutations


You had 3 spell levels left.
You knew the following spells:

 Your Spells              Type           Power      Damage    Failure   Level
a - Beastly Appendage     Tmut           16%        N/A       9%          1

Your spell library contained the following spells:

 Spells                   Type           Power      Damage    Failure   Level
 Wereblood                Tmut           8%         N/A       13%         2
 Spider Form              Tmut/Pois      2%         N/A       38%         3
 Ice Form                 Ice/Tmut       4%         N/A       80%         4


Dungeon Overview and Level Annotations

Branches:
Dungeon (2/15)

Altars:
Uskayaw


Innate Abilities, Weirdness & Mutations

One of your tentacles has grown a beastly spike.
You cannot wear most types of armour.
You are amphibious.
You can wear up to eight rings at the same time.
Your skin changes colour to match your surroundings (Stealth+).
Your rubbery body absorbs attacks. (AC +1, EV +1)
((You are camouflaged near water. (Stealth+)))
You have tentacles for arms and can constrict up to eight enemies at once.


Message History

Found a stone staircase leading up and a stone staircase leading down.
Found 9 gold pieces.
A rat comes into view.
There is a stone staircase leading up here.
The quokka bites you.
You tentacle-slap the quokka but do no damage.
You grab the quokka. You constrict the quokka. The quokka bites you.
You tentacle-slap the quokka.
You kill the quokka!
An adder comes into view.
Casting: Beastly Appendage (safe; 9% risk of failure)
Confirm with . or Enter, or press ? or * to list all spells.
One of your tentacles grows a vicious spike.
The adder hisses angrily.
The rat bites you.
The rat twitches its whiskers.
There is a stone staircase leading up, spattered with blood here.
You tentacle-slap the rat. You grab the rat. Your squeeze misses the rat.
The rat is severely wounded.
You constrict the rat.
You kill the rat!
The adder misses you.
You tentacle-slap the adder. Your grab misses the adder.
The adder is moderately wounded.
The adder barely misses you.
You miss the adder. Your grab misses the adder.
The adder is moderately wounded.
The adder barely misses you.
You barely miss the adder. Your grab misses the adder.
The adder is moderately wounded.
The adder bites you.
You are lethally poisoned!
The adder poisons you!
You tentacle-slap the adder but do no damage.
Your grab misses the adder.
The adder is moderately wounded.
You feel sick. The adder bites you.
* * * LOW HITPOINT WARNING * * *
The adder bites you.
You die...

###.# ####...>#
......... ...##..####
#..##.....#
#..##.....#
#..##.._..#
..#.###†<##...).#####
.......S@............
.......).##.(.#######
.....##..##..## .....
#..##r.# ....
#..#.(.. ...
#..#....# ...
#.......# ...#..K$#


You could see an adder.

Vanquished Creatures
  A giant cockroach (D:1)
  A quokka (D:2)
  A ball python (D:1)
  2 kobolds (D:1)
  2 rats
7 creatures vanquished.

Notes
Turn   | Place    | Note
-------+----------+-------------------------------------------
     0 | D:1      | Kold the Octopode Transmuter began the quest for the Orb.
     0 | D:1      | Reached XP level 1. HP: 13/13 MP: 3/3
   143 | D:1      | You fall into a shaft and drop 1 floor!
   143 | D:2      | Found a hide-covered altar of Uskayaw.
   164 | D:2      | Slain by an adder

Illustrated notes

Levels and vault maps discovered:
D:1:      amcnicky_arrival_choice, layout_basic, amcnicky_mini_corridor_feature,
          minmay_tiny_reverse_x
D:2:      layout_basic, basic_ecumenical_altar, basic_altar, moated_statue,
          minivault_14, uniq_crazy_yiuf_cottage, uniq_jessica

Action                   || total
-------------------------++-------
Melee: Unarmed           ||    15
       Constrict         ||     6
       Tentacles         ||     3
       Kick              ||     2
 Cast: Beastly Appendage ||     2
Armor: Skin              ||     2
Dodge: Dodged            ||     9
